AoeStats
← Inf3ctedPenguin

Arena

509977962Analyzed
2v2 RM · 4d ago on Sep 28, 2026· 20m 25s· 4 players
Game mode
Random Map
Map size
Medium (4 player)
Population
200
Speed
Normal
Resources
Standard
Victory
Conquest
Starting age
Dark Age
Ending age
Imperial Age
RankedLock teamsTeams togetherTeam positionsShared explorationLock speedFull tech treeHidden civsTurbo modeCheats
Victory
Defeat
🇩🇪 Britons · Germany
1392
+14
🇩🇪 Malians · Germany
1317
+16
🇦🇷 Dravidians · Argentina
1363
-16
🇬🇧 Bengalis · United Kingdom
1318
-14
Rdog998
3:50 Loom
11:11 Feudal Age
14:52 Castle Age
12:46 Double-Bit Axe
13:29 Horse Collar
15:45 Bow Saw
21:12 Wheelbarrow
El kaiser
10:14 Loom
12:57 Feudal Age
16:23 Castle Age
15:04 Gold Mining
Wanda Lismus
10:56 Feudal Age
14:52 Castle Age
12:59 Horse Collar
14:01 Double-Bit Axe
14:39 Gold Mining
16:06 Bow Saw
Inf3ctedPenguin
9:57 Feudal Age
14:36 Castle Age
12:53 Double-Bit Axe
13:15 Horse Collar
13:58 Stone Mining
15:56 Gold Mining
17:48 Loom
Connection lost

Rejoining the realm…

Still unreachable

The connection could not be restored.

Session expired

The server has moved on; the page needs a fresh start.